 Dungeon Crawl Stone Soup version 0.28-a0-1147-gc7b72d3202 (webtiles) character file.

Game seed: 4401212623418299029

112044 Peloso the Peltast (level 16, -8/149 HPs)
             Began as a Minotaur Fighter on Dec 14, 2021.
             Was the Champion of Okawaru.
             Mangled by a ghoul (20 damage)
             ... on level 15 of the Dungeon.
             The game lasted 01:30:50 (28251 turns).

Peloso the Peltast (Minotaur Fighter)              Turns: 28251, Time: 01:30:51

Health: -8/149     AC: 28    Str: 30    XL:     16   Next: 10%
Magic:  16/16      EV: 11    Int:  5    God:    Okawaru [******]
Gold:   3145       SH: 22    Dex: 17    Spells: 15/15 levels left

rFire   + + +      SeeInvis .   a - +4 scimitar (flame)
rCold   + + +      Faith    .   c - +2 shield of Resistance {rF++ rC++ Will++}
rNeg    + + .      Spirit   .   K - +1 plate armour {rC+}
rPois   .          Reflect  +   j - +2 hat
rElec   .          Harm     .   A - +2 cloak {rCorr}
rCorr   +          Rampage  .   p - +1 pair of gloves
Will    +++..                   w - +0 pair of boots "Ykkuqoin" {*Corrode rN++ Dex+2 Slay+3}
Stlth   ..........              H - amulet of reflection
HPRegen 0.34/turn               g - ring of protection from fire
MPRegen 0.15/turn               U - +6 ring of strength

@: no status effects
A: horns 2, retaliatory headbutt
a: Renounce Religion, Heroism, Finesse, Duel


You were on level 15 of the Dungeon.
You worshipped Okawaru.
Okawaru was exalted by your worship.
You visited 4 branches of the dungeon, and saw 24 of its levels.
You also visited: Ice Cave.

You collected 3345 gold pieces.
You spent 200 gold pieces at shops.

Inventory:

Hand Weapons
 a - a +4 scimitar of flaming (weapon)
 b - the +10 trident of Fedhas {vamp, rC+ rN+ Dex+3 SInv}
   (You found it on level 6 of the Dungeon)

   It occasionally heals its wielder for a portion of the damage dealt when it
   wounds a living foe.
   Dex:       It affects your dexterity (+3).
   rC:        It protects you from cold.
   rN:        It protects you from negative energy.
   SInv:      It lets you see invisible.
 L - a +1 whip of flaming
Armour
 c - the +2 shield of Resistance (worn) {rF++ rC++ Will++}
   (Okawaru gifted it to you on level 14 of the Dungeon)

   rF:        It greatly protects you from fire.
   rC:        It greatly protects you from cold.
   Will:      It greatly increases your willpower.
 j - a +2 hat (worn)
 p - a +1 pair of gloves (worn)
 w - the +0 pair of boots "Ykkuqoin" (worn) {*Corrode rN++ Dex+2 Slay+3}
   (You found it on level 9 of the Dungeon)

   Dex:       It affects your dexterity (+2).
   Slay:      It affects your accuracy & damage with ranged weapons and melee
   (+3).
   rN:        It greatly protects you from negative energy.
   *Corrode:  It may corrode you when you take damage.
 y - a +1 cloak of willpower
 A - a +2 cloak of preservation (worn)
 K - a +1 plate armour of cold resistance (worn)
Jewellery
 f - a +4 ring of protection
 g - a ring of protection from fire (left hand)
 l - a ring of protection from cold
 o - a ring of willpower
 r - a +6 ring of dexterity
 z - a ring of see invisible
 C - a ring of wizardry
 H - an amulet of reflection (around neck)
 O - a ring of protection from cold
 U - a +6 ring of strength (right hand)
Wands
 m - a wand of paralysis (5)
 s - a wand of mindburst (5)
Scrolls
 e - 3 scrolls of fog
 h - 4 scrolls of teleportation
 k - a scroll of fear
 n - 3 scrolls of acquirement
 q - 2 scrolls of identify
 D - a scroll of amnesia
 G - 2 scrolls of noise
 I - 2 scrolls of immolation
 M - 5 scrolls of magic mapping
Potions
 d - 7 potions of might
 i - 3 potions of haste
 t - a potion of heal wounds
 u - a potion of invisibility
 v - a potion of berserk rage {unknown}
 x - 6 potions of curing {unknown}
 B - a potion of brilliance {unknown}
 E - 2 potions of resistance {unknown}
 N - 2 potions of attraction {unknown}
 P - 6 potions of cancellation {unknown}
 Q - 3 potions of mutation {unknown}
 X - a potion of magic {unknown}
 Y - 3 potions of flight {unknown}


   Skills:
 + Level 15.0 Fighting
 + Level 11.9 Long Blades
 + Level 2.0 Maces & Flails
 + Level 16.4 Polearms
 + Level 15.9 Armour
 + Level 4.6 Dodging
 + Level 2.0 Stealth
 + Level 18.2 Shields
 + Level 2.2 Invocations
 + Level 2.1 Evocations


You had 15 spell levels left.
You didn't know any spells.
Your spell library contained the following spells:

 Spells                   Type           Power      Damage    Failure   Level
 Apportation              Tloc           0%         N/A       95%         1
 Pain                     Necr           0%         1d4       95%         1
 Slow                     Hex            0%         N/A       95%         1
 Blink                    Tloc           0%         N/A       99%         2
 Corpse Rot               Necr/Air       0%         N/A       99%         2
 Ensorcelled Hibernation  Hex/Ice        0%         N/A       99%         2
 Poisonous Vapours        Pois/Air       0%         N/A       99%         2
 Static Discharge         Conj/Air       0%         N/A       99%         2
 Ignite Poison            Fire/Tmut/Pois 0%         N/A       100%        3
 Lesser Beckoning         Tloc           0%         N/A       100%        3
 Mephitic Cloud           Conj/Pois/Air  0%         N/A       100%        3
 Teleport Other           Tloc           0%         N/A       100%        3
 Iskenderun's Mystic Bla  Conj/Tloc      0%         2d3       100%        4
 Passage of Golubria      Tloc           0%         N/A       100%        4
 Agony                    Necr           0%         N/A       100%        5
 Alistair's Intoxication  Tmut/Pois      0%         N/A       100%        5
 Excruciating Wounds      Necr           0%         N/A       100%        5
 Freezing Cloud           Conj/Ice/Air   0%         6-21      100%        5
 Lightning Bolt           Conj/Air       0%         1d11      100%        5
 Manifold Assault         Tloc           0%         N/A       100%        5
 Yara's Violent Unravell  Hex/Tmut       0%         3d3       100%        5
 Maxwell's Capacitive Co  Air            0%         ∞         100%        8
 Tukima's Dance           Hex            Unusable   N/A       N/A         3

Dungeon Overview and Level Annotations

Branches:
Dungeon (15/15)            Temple (1/1) D:7            Lair (6/6) D:11
 Shoals (0/4) Lair:3       Spider (0/4) Lair:4        Slime (0/5) Lair:5
    Orc (2/2) D:9             Elf (0/3) Orc:2        Vaults (0/5) D:14
  IceCv (visited)
 Depths: D:15

Altars:
Cheibriados
Dithmenos
Elyvilon
Hepliaklqana
Kikubaaqudgha
Nemelex Xobeh
Okawaru
Qazlal
Ru
Sif Muna
Trog
Wu Jian
Xom
Yredelemnul
Zin
Beogh
Jiyva
Lugonu

Shops:
D:3 *   D:4 **   D:9 *   Orc:1 ?   Orc:2 *([(

Portals:
Abyss: Lair:6
Trove: D:11 (give +3 gold dragon scales)

Annotations:
D:10 2 runed translucent doors, Stonecrops's ghost, novice DsGl
Lair:5 1 runed translucent door
Orc:2 1 runed translucent door, Decritt's ghost, journeyman MiFi


Innate Abilities, Weirdness & Mutations

You have a pair of horns on your head.
You reflexively headbutt those who attack you in melee.


Message History

You slice the ghoul!! You burn the ghoul!
The ghoul is severely damaged.
You block the ghoul's attack. x2
You slice the ghoul!! You burn the ghoul!
The ghoul is almost destroyed.
You block the ghoul's attack. x2
You hit the ghoul. You burn the ghoul. You headbutt the ghoul!
You destroy the ghoul!
Okawaru accepts your kill.
You feel like a meek peon again.
You slash the ghoul! You burn the ghoul. You headbutt the ghoul.
The ghoul is lightly damaged.
The ghoul claws you!!
* * * LOW HITPOINT WARNING * * *
You block the ghoul's attack.
You slash the ghoul! You burn the ghoul.
The ghoul is lightly damaged.
You slash the ghoul! You burn the ghoul.
The ghoul is moderately damaged.
The ghoul claws you but does no damage. You block the ghoul's attack.
You slice the ghoul!! You burn the ghoul!
The ghoul is severely damaged.
You block the ghoul's attack. The ghoul closely misses you.
You slash the ghoul! You burn the ghoul.
The ghoul is almost destroyed.
You block the ghoul's attack. The ghoul claws you.
* * * LOW HITPOINT WARNING * * *
You hit the ghoul. You burn the ghoul. Your headbutt misses the ghoul.
The ghoul is almost destroyed.
The brown ugly thing basks in the mutagenic energy from its kin and changes!
You block the ghoul's attack. x2
You slice the ghoul!! You burn the ghoul.
You destroy the ghoul!
Okawaru accepts your kill.
You closely miss the ghoul. You headbutt the ghoul!
The ghoul is almost destroyed.
The ghoul claws you!!
* * * LOW HITPOINT WARNING * * *
The ghoul claws you!!
You die...

.........†..≈≈≈≈.................
..............P.....(...........#
.......)..................(......
................................#
.................................
................................#
......?....................P.....
....................(............
.............#.#@..#......#..PP..
P......P.....##n#.####...#.P..P..
.#......P..n..Zuu## #...##.#....
####.P........$u## ###.#########
#............## ##.#.##.##
##..........## #.<......#
#.........## ##....#.##
#.........## ###..# # .........##
#...#


You could see a ghoul, 2 ugly things and a centaur warrior zombie.

Vanquished Creatures
  4 ghouls (D:15)
  Josephine (D:15)
  2 fire dragons
  A rakshasa (D:13)
  2 boulder beetles
  The ghost of Taliesin42 the Slasher, a journeyman DrIE of Qazlal (D:10)
  A catoblepas (Lair:2)
  6 hydras
  4 centaur warriors
  An ogre mage (D:14)
  2 ironbound frosthearts (IceCv)
  6 two-headed ogres
  18 death yaks
  Urug (D:12)
  3 thrashing horrors (Lair:6)
  6 skeletal warriors
  A fire crab (shapeshifter) (Lair:6)
  Pikel (D:7)
  4 orc knights
  A wolf spider zombie (D:15)
  2 deep elf pyromancers (D:14)
  3 lindwurms
  2 orc sorcerers
  2 manticores
  6 ugly things
  8 cyclopes
  A moth of wrath (D:9)
  A large abomination (Lair:6)
  13 elephants
  A black mamba (shapeshifter) (Lair:6)
  A merfolk siren (Lair:3)
  2 ice statues
  A smoke demon (Lair:6)
  13 cane toads
  4 black mambas
  2 gargoyles (D:10)
  7 rime drakes
  2 unseen horrors
  A freezing wraith (D:14)
  4 yaktaurs (D:14)
  19 komodo dragons
  3 efreet (D:13)
  A guardian mummy (D:15)
  An ancient zyme (Lair:6)
  5 trolls
  A queen bee (Lair:3)
  A jumping spider (Lair:4)
  13 polar bears
  Prince Ribbit (D:9)
  Grinder (D:5)
  6 slime creatures
  A meliai zombie (D:11)
  28 blink frogs
  15 dream sheep
  A spriggan (Lair:6)
  43 yaks
  6 wraiths
  A ynoxinul (Lair:6)
  9 basilisks
  7 wyverns
  3 chaos spawn (Lair:6)
  2 humans (Lair:5)
  4 vampire mosquitoes (D:11)
  2 wargs (Orc:1)
  Menkaure (D:6)
  32 orc warriors
  15 water moccasins
  An ice beast (D:6)
  3 black bears
  A sky beast (D:5)
  8 ogres
  34 wolves
  28 centaurs
  3 kobold brigands
  14 bullfrogs
  A gnoll sergeant (D:9)
  A scorpion (D:4)
  A water moccasin zombie (D:5)
  32 killer bees
  4 wights (D:8)
  2 howler monkeys (D:7)
  A bullfrog zombie (D:6)
  6 electric eels (D:10)
  4 centaur zombies
  3 jellies
  3 hounds
  11 orc priests
  A bullfrog skeleton (D:7)
  8 centaur skeletons
  18 orc wizards
  2 iguanas (D:6)
  4 hell rats (Lair:6)
  6 small abominations (Lair:6)
  A hound zombie (D:4)
  A mummy (D:15)
  2 howler monkey zombies (D:9)
  13 gnolls
  11 adders
  7 river rats (Lair:6)
  A white imp (D:6)
  An ufetubus (D:4)
  A worm (D:3)
  68 orcs
  8 ball pythons
  7 endoplasms
  7 giant cockroaches
  5 goblins
  4 hobgoblins
  3 jackals (D:4)
  29 kobolds
  2 quokkas (D:3)
  6 bats
  4 frilled lizards
  10 rats
755 creatures vanquished.

Vanquished Creatures (others)
  A manticore (D:14)
  A human (Lair:5)
  29 fungi
  53 plants
  4 withered plants (D:15)
88 creatures vanquished.

Grand Total: 843 creatures vanquished

Notes
Turn   | Place    | Note
-------+----------+-------------------------------------------
     0 | D:1      | Peloso the Minotaur Fighter began the quest for the Orb.
     0 | D:1      | Reached XP level 1. HP: 19/19 MP: 0/0
   158 | D:1      | Reached XP level 2. HP: 27/27 MP: 1/1
   369 | D:1      | Found a faded altar of an unknown god.
   518 | D:1      | You fall into a shaft and drop 1 floor!
   524 | D:2      | Reached skill level 4 in Shields
   608 | D:2      | Reached XP level 3. HP: 33/33 MP: 2/2
   960 | D:2      | Reached XP level 4. HP: 40/40 MP: 3/3
   995 | D:2      | Reached skill level 1 in Dodging
  1772 | D:3      | Found Kiogitirch's General Store.
  1850 | D:3      | Noticed a centaur
  1863 | D:2      | Killed a centaur
  1864 | D:2      | Reached XP level 5. HP: 34/47 MP: 4/4
  2062 | D:3      | Found a white marble altar of Elyvilon.
  2064 | D:3      | Found a hazy altar of Hepliaklqana.
  2064 | D:3      | Found a snail-covered altar of Cheibriados.
  2070 | D:3      | Found a glowing silver altar of Zin.
  2070 | D:3      | Found a snail-covered altar of Cheibriados.
  2070 | D:3      | Found a shimmering altar of Xom.
  2219 | D:4      | Reached skill level 5 in Armour
  2429 | D:4      | Found a hazy altar of Hepliaklqana.
  2429 | D:4      | Found a white marble altar of Elyvilon.
  2429 | D:4      | Found a sparkling altar of Nemelex Xobeh.
  2725 | D:4      | Found Wiyl's Specific Store.
  2729 | D:4      | Found Fewus's General Store.
  2873 | D:4      | Reached XP level 6. HP: 53/53 MP: 5/5
  2885 | D:4      | Reached skill level 5 in Long Blades
  3478 | D:5      | Entered Level 5 of the Dungeon
  3485 | D:5      | Noticed a sky beast
  3497 | D:5      | Killed a sky beast
  3498 | D:5      | Reached skill level 5 in Fighting
  3498 | D:5      | Reached XP level 7. HP: 53/61 MP: 6/6
  3661 | D:5      | Reached skill level 5 in Shields
  3967 | D:5      | Noticed Grinder
  3970 | D:5      | Paralysed by Grinder for 2 turns
  3973 | D:5      | Paralysed by Grinder for 6 turns
  3980 | D:5      | Paralysed by Grinder for 5 turns
  3985 | D:5      | Killed Grinder
  4163 | D:5      | Reached XP level 8. HP: 60/69 MP: 7/7
  5695 | D:6      | Found a sacrificial altar of Ru.
  5722 | D:6      | Noticed Menkaure
  5732 | D:6      | Killed Menkaure
  6205 | D:6      | Identified the +10 trident of Fedhas {vamp, rC+ rN+ Dex+3
                  | SInv}
  6759 | D:7      | Found a staircase to the Ecumenical Temple.
  6771 | D:7      | Reached XP level 9. HP: 71/78 MP: 8/8
  6778 | Temple   | Entered the Ecumenical Temple
  6822 | Temple   | Became a worshipper of Warmaster Okawaru
  6884 | D:7      | Reached skill level 1 in Polearms
  6955 | D:7      | Noticed Pikel
  6961 | D:7      | Paralysed by Pikel for 2 turns
  6964 | D:7      | Killed Pikel
  6965 | D:7      | Reached skill level 1 in Stealth
  7067 | D:6      | Reached skill level 6 in Shields
  7184 | D:6      | Reached * piety under Okawaru
  7375 | D:6      | Reached skill level 5 in Polearms
  7521 | D:7      | Noticed a boulder beetle
  7929 | Temple   | Reached ** piety under Okawaru
  7972 | Temple   | Reached XP level 10. HP: 80/88 MP: 9/9
  8268 | D:8      | Reached *** piety under Okawaru
  8362 | D:8      | Reached skill level 10 in Armour
  9294 | D:9      | Found a transporter.
  9307 | D:9      | Noticed Taliesin42's ghost (journeyman DrIE)
  9307 | D:9      | Noticed a fire dragon
  9310 | D:9      | Noticed a moth of wrath
  9331 | D:9      | Noticed an eight-headed hydra
  9340 | D:9      | Found a transporter.
  9362 | D:9      | Noticed an ice statue
  9441 | D:9      | Found a stormy altar of Qazlal.
  9461 | D:9      | Found Xaarun's Fire Supplies.
  9911 | D:9      | Reached **** piety under Okawaru
  9980 | D:9      | Reached skill level 10 in Polearms
 10001 | D:9      | Noticed Prince Ribbit
 10011 | D:9      | Killed Prince Ribbit
 10082 | D:9      | Found a staircase to the Orcish Mines.
 10538 | D:10     | Entered Level 10 of the Dungeon
 10621 | D:10     | Noticed a gargoyle
 10648 | D:10     | Killed a gargoyle
 10649 | D:10     | Reached XP level 11. HP: 31/95 MP: 7/10
 10736 | D:10     | Reached skill level 7 in Shields
 11083 | D:10     | Found a large runed translucent door.
 11083 | D:10     | Found a large runed translucent door.
 11121 | D:10     | Noticed Stonecrops's ghost (novice DsGl)
 11359 | D:10     | Reached ***** piety under Okawaru
 11360 | D:10     | Reached skill level 1 in Evocations
 12138 | D:11     | Found a staircase to the Lair.
 12333 | D:11     | Noticed a boulder beetle
 12342 | D:11     | Noticed a two-headed ogre
 12349 | D:11     | Found a portal to a secret trove of treasure.
 12603 | D:11     | Noticed a two-headed ogre
 12616 | D:11     | Killed a two-headed ogre
 12617 | D:11     | Reached skill level 8 in Shields
 12637 | D:11     | Received a gift from Okawaru
 12701 | D:11     | Killed a boulder beetle
 12702 | D:11     | Reached skill level 1 in Invocations
 12707 | Lair:1   | Entered Level 1 of the Lair of Beasts
 12887 | Lair:1   | Noticed a seven-headed hydra
 12901 | Lair:1   | Killed a seven-headed hydra
 12901 | Lair:1   | Received a gift from Okawaru
 13658 | Lair:2   | Reached XP level 12. HP: 106/106 MP: 11/11
 13667 | Lair:2   | Reached skill level 10 in Fighting
 13667 | Lair:2   | Reached skill level 9 in Shields
 13690 | Lair:2   | Reached skill level 1 in Maces & Flails
 13838 | Lair:2   | Reached ****** piety under Okawaru
 14018 | Lair:2   | Noticed a catoblepas
 14024 | Lair:2   | Identified the +0 ring mail of Tortured Awe {rElec Str+3}
                  | (Okawaru gifted it to you on level 2 of the Lair of Beasts)
 14024 | Lair:2   | Received a gift from Okawaru
 14209 | Lair:2   | Killed a catoblepas
 14547 | Lair:3   | Reached skill level 10 in Shields
 14846 | Lair:3   | Found a shimmering altar of Xom.
 14888 | Lair:3   | Found a staircase to the Shoals.
 15614 | Orc:1    | Entered Level 1 of the Orcish Mines
 15617 | Orc:1    | Identified 3 scrolls of acquirement
 15655 | Orc:1    | Found Maosk's Magic Scroll Shop.
 15915 | Orc:1    | Reached skill level 11 in Shields
 15917 | Orc:1    | Found a frozen archway.
 15945 | IceCv    | Entered an ice cave
 16085 | IceCv    | Reached XP level 13. HP: 102/116 MP: 12/12
 16231 | IceCv    | Received a gift from Okawaru
 16333 | IceCv    | Reached skill level 12 in Shields
 16490 | IceCv    | Got the Tome of Beguiling and Orientation
 17055 | Orc:1    | Bought a scroll of magic mapping for 56 gold pieces
 17055 | Orc:1    | Bought a scroll of magic mapping for 56 gold pieces
 17055 | Orc:1    | Bought a scroll of magic mapping for 56 gold pieces
 17055 | Orc:1    | Bought a scroll of identify for 32 gold pieces
 17292 | Orc:2    | Entered Level 2 of the Orcish Mines
 17292 | Orc:2    | Noticed Decritt's ghost (journeyman MiFi)
 17315 | Orc:2    | Found a runed translucent door.
 17528 | Orc:2    | Reached skill level 13 in Shields
 17741 | Orc:2    | Found Syrphioj's Antique Armour Emporium.
 17741 | Orc:2    | Found Dixtuts's Weapon Boutique.
 17743 | Orc:2    | Found Piavvuech's General Store.
 17745 | Orc:2    | Found Synlarra's Weapon Shoppe.
 17824 | Orc:2    | Reached skill level 15 in Polearms
 17974 | Orc:2    | Found a staircase to the Elven Halls.
 18753 | D:12     | Received a gift from Okawaru
 18806 | D:12     | Noticed Urug
 19497 | D:12     | Killed Urug
 19961 | D:10     | Killed Taliesin42's ghost
 19968 | D:10     | Reached skill level 14 in Shields
 19968 | D:10     | Reached XP level 14. HP: 91/127 MP: 12/14
 20533 | D:9      | Identified the +0 pair of boots "Ykkuqoin" {*Corrode rN++
                  | Dex+2 Slay+3}
 21530 | Lair:4   | Found a hole to the Spider Nest.
 21549 | Lair:4   | Received a gift from Okawaru
 21556 | Lair:4   | Reached skill level 15 in Shields
 22078 | Lair:5   | Found a runed translucent door.
 22083 | Lair:5   | Found a viscous altar of Jiyva.
 22084 | Lair:5   | Found a staircase to the Slime Pits.
 23231 | Lair:5   | Reached skill level 16 in Shields
 23383 | Lair:5   | Identified the +0 kite shield "Baijiliz" {Int+3} (Okawaru
                  | gifted it to you on level 5 of the Lair of Beasts)
 23383 | Lair:5   | Received a gift from Okawaru
 23748 | Lair:6   | Entered Level 6 of the Lair of Beasts
 23994 | Lair:6   | Reached skill level 10 in Long Blades
 24014 | Lair:6   | Reached XP level 15. HP: 83/137 MP: 15/15
 25388 | Lair:6   | Reached skill level 15 in Armour
 25674 | Lair:6   | Found a corrupted altar of Lugonu.
 25674 | Lair:6   | Found a one-way gate to the infinite horrors of the Abyss.
 25676 | Lair:6   | Reached skill level 17 in Shields
 25678 | Lair:6   | Received a gift from Okawaru
 26067 | Lair:1   | Acquired 931 gold pieces
 27072 | D:14     | Found a gate to the Vaults.
 27733 | D:14     | Received a gift from Okawaru
 27733 | D:14     | Found the +2 shield of Resistance {rF++ rC++ Will++}
 27932 | D:15     | Entered Level 15 of the Dungeon
 28060 | D:15     | Reached skill level 18 in Shields
 28060 | D:15     | Noticed Josephine
 28074 | D:15     | Killed Josephine
 28147 | D:15     | Reached XP level 16. HP: 135/147 MP: 16/16
 28222 | D:15     | Reached skill level 15 in Fighting
 28251 | D:15     | Mangled by a ghoul

Illustrated notes

Levels and vault maps discovered:
D:1:      dpeg_arrival_rhombus, layout_basic,
          shapermc_ecumenical_altar_acropolis
D:2:      layout_basic
D:3:      layout_basic, doesnt_xom_only_xom, serial_shops,
          nicolae_shop_waterfront, minmay_misc_feat_chi
D:4:      minmay_general_purpose_star, layout_basic,
          gammafunk_temple_overflow_claw, nicolae_specific_store
D:5:      kennysheep_kobold_camp, layout_basic, uniq_grinder
D:6:      layout_basic, mainiacjoe_overflow_tiny_flanked, uniq_menkaure
D:7:      layout_basic, temple_doors_e, uniq_pikel
D:8:      layout_basic, nicolae_lava_and_water, kennysheep_cross_bottleneck
D:9:      layout_gridville, mainiacjoe_overflow_brackets, david_orc_5,
          gammafunk_ghost_berserking_beasts, hex_large, minivault_16,
          nicolae_shop_fire_sale [nicolae_sub_dead_trees], uniq_prince_ribbit1
D:10:     layout_basic, serial_corexii_hall, corexii_hall_statues_i,
          chequers_hall_statues_y, ebering_ghost_disaster_area,
          kennysheep_generic_room_15
D:11:     minmay_the_grid_4x2 [minmay_the_grid_stretched_grid,
          minmay_the_grid_tiny_cups, minmay_the_grid_odd_star,
          minmay_the_grid_holed_spiral, minmay_the_grid_mess,
          minmay_the_grid_tree, minmay_the_grid_doors,
          minmay_the_grid_prize_big_room], layout_rooms, david_lair_generic,
          enter_trove_1, kennysheep_decorative_pillar
D:12:     layout_rooms, grunt_ministairs_11, grunt_ogre_cave, uniq_urug
D:13:     layout_rooms
D:14:     layout_gridville, hangedman_vaults_entry_quadrant_bands
D:15:     grunt_enter_depths_giant_problem, layout_cross,
          chequers_hall_statues_y, serial_undead, serial_undead_c,
          serial_undead_e, serial_undead_d, serial_undead_f, serial_undead_e,
          serial_undead_b, serial_undead_b, serial_undead_d,
          minmay_misc_feat_doors, nicolae_wu_jian_immortal_techniques,
          uniq_josephine, uniq_nessos
Temple:   nicolae_temple_elliptical
Lair:1:   layout_roguey, minmay_holes
Lair:2:   wander_river, layout_misc_corridors, minivault_27
Lair:3:   layout_misc_corridors, minmay_shoals_entry_lonely_mermaid,
          special_room [special_room_bee], basic_altar,
          nicolae_quartered_pool_medium, infiniplex_staircase_pool
Lair:4:   layout_layer_cave, spider_nest_entry_rubble
Lair:5:   slaughterhouse, layout_loops_ring, slime_altar_2, st_stairs_5,
          beast_lair_carwin_1
Lair:6:   hellmonk_lair_end_abyssal_woods, layout_loops_ring,
          kennysheep_abandoned_house, grunt_megastairs_2, lemuel_fruit_fields
Orc:1:    layout_caves, portal_ice_cave_rime, serial_shops, nicolae_shop_crystal
Orc:2:    st_orc_rangers, layout_caves, hellmonk_ghost_happy_afterlife

Skill      XL: |  1  2  3  4  5  6  7  8  9 10 11 12 13 14 15 16 |
---------------+-------------------------------------------------+-----
Fighting       | 4 5 6 7 8 9 11 12 13 14 15 | 15.0
Armour         | 4 5 6 8 9 10 12 13 14 15 | 15.9
Shields        | 4 5 6 8 11 14 16 18 | 18.2
Long Blades    | 3 4 5 7 8 9 10 11 | 11.9
Dodging        | 1 2 3 4 |  4.6
Polearms       | 6 10 12 14 15 16 | 16.4
Stealth        | 1 2 |  2.0
Evocations     | 1 2 |  2.1
Invocations    | 1 2 |  2.2
Maces & Flails | 1 2 |  2.0

Action                   |  1- 3 |  4- 6 |  7- 9 | 10-12 | 13-15 | 16-18 || total
-------------------------+-------+-------+-------+-------+-------+-------++-------
Melee: Long sword        |    68 |   127 |   227 |       |       |       ||   422
       Headbutt          |    16 |    28 |    83 |   180 |   436 |    22 ||   765
       Trident           |       |       |    92 |   628 |   992 |       ||  1712
       Whip              |       |       |       |     8 |    14 |       ||    22
       Scimitar          |       |       |       |       |   310 |    63 ||   373
Invok: Heroism           |       |       |     1 |    11 |     7 |     1 ||    20
Evoke: Wand              |       |       |     8 |    12 |     4 |       ||    24
  Use: Scroll            |       |       |       |    16 |     7 |     1 ||    24
       Potion            |       |       |       |     1 |       |       ||     1
Armor: Scale mail        |    38 |    39 |       |       |       |       ||    77
       Chain mail        |       |    29 |    79 |       |       |       ||   108
       Plate armour      |       |       |    64 |   301 |   426 |    20 ||   811
Dodge: Dodged            |    39 |    72 |    91 |   179 |   277 |    17 ||   675
Block: Buckler           |    14 |    36 |    73 |    50 |       |       ||   173
       Kite shield       |       |       |       |   371 |  1213 |    53 ||  1637
       Reflection        |       |       |       |     2 |   100 |       ||   102

Table legend: (Time is in decaauts)
 A = Elapsed time spent in this place.
 B = Non-inter-level travel time spent in this place.
 C = Inter-level travel time spent in this place.
 D = Time resting spent in this place.
 E = Time spent auto-exploring this place.
 F = Levels seen in this place.
 G = Mean time per level.
                   A        B        C        D        E       F      G
               +--------+--------+--------+--------+--------+-----+--------+
         Total |  27808 |  26457 |   1351 |   1853 |  17289 |  25 | 1112.3 |
       Dungeon |  17025 |  16205 |    820 |   1264 |  11115 |  15 | 1135.0 |
        Temple |    106 |    106 |      0 |     32 |     32 |   1 |  106.0 |
          Lair |   8015 |   7495 |    520 |    107 |   5142 |   6 | 1335.8 |
  Orcish Mines |   1686 |   1675 |     11 |    278 |    689 |   2 |  843.0 |
      Ice Cave |    974 |    974 |      0 |    172 |    310 |   1 |  974.0 |
               +--------+--------+--------+--------+--------+-----+--------+

Top non-repeatable levels by time:
     D:9: 2085 daAuts
    D:10: 2082 daAuts
  Lair:6: 2064 daAuts
     D:5: 1886 daAuts
     D:6: 1835 daAuts
  Lair:1: 1553 daAuts
     D:4: 1394 daAuts
    D:14: 1314 daAuts
  Lair:4: 1300 daAuts
  Lair:5: 1278 daAuts
     D:8: 1075 daAuts
     D:2: 1043 daAuts
   IceCv: 974 daAuts
   Orc:1: 947 daAuts
  Lair:2: 915 daAuts
